 Dungeon Crawl Stone Soup version 0.29.1-1-gd02db6906a (webtiles) character file.

Game seed: 8448581609773449809

282 groovy9 the Shooter (level 6, -2/39 (44) HPs)
             Began as a Formicid Hunter on Sept 18, 2022.
             Killed by divine providence
             ... invoked by an orc priest
              (9 damage)
             ... on level 3 of the Dungeon.
             The game lasted 00:07:38 (2999 turns).

groovy9 the Shooter (Formicid Hunter)               Turns: 2999, Time: 00:07:39

HP:   -2/39 (44)    AC:  6    Str: 15    XL:     6   Next: 54%
MP:   6/6           EV: 12    Int:  9    God:
Gold: 102           SH:  0    Dex: 19    Spells: 5/5 levels left

rFire   + . .      SeeInvis +   a - +1 shortbow
rCold   + . .      Faith    .   (no shield)
rNeg    . . .      Spirit   .   c - +0 leather armour
rPois   +          Reflect  .   (helmet unavailable)
rElec   +          Harm     .   d - +1 cloak
rCorr   +          Rampage  .   h - +0 pair of gloves
Will    .....                   (no boots)
Stlth   ++........              (no amulet)
HPRegen 0.13/turn               (no ring)
MPRegen 0.10/turn               (no ring)

@: resistant, heavily drained
A: permanent stasis, dig shafts and tunnels, antennae 3, four strong arms
a: Dig, Shaft Self


You were on level 3 of the Dungeon.
You visited 1 branch of the dungeon, and saw 3 of its levels.

You collected 102 gold pieces.

Inventory:

Hand Weapons
 a - a +1 shortbow (weapon)
Armour
 c - a +0 leather armour (worn)
 d - a +1 cloak (worn)
 h - a +0 pair of gloves (worn)
Wands
 j - a wand of flame (12)
Scrolls
 b - 2 scrolls of immolation
 g - a scroll of fog {unknown}
Potions
 e - a potion of heal wounds {unknown}
 f - 3 potions of attraction {unknown}
 i - a potion of resistance
 k - a potion of lignification {unknown}


   Skills:
 - Level 2.1 Fighting
 + Level 7.4 Ranged Weapons
 - Level 1.7 Dodging
 - Level 1.2 Stealth


You had 5 spell levels left.
You didn't know any spells.
Your spell library contained the following spells:

 Spells                   Type           Power      Damage    Failure   Level
 Inner Flame              Hex/Fire       0%         N/A       83%         3
 Cause Fear               Hex            0%         N/A       99%         4
 Discord                  Hex            0%         N/A       100%        8


Dungeon Overview and Level Annotations

Branches:
Dungeon (3/15)

Altars:

Shops:
D:3 (

Annotations:
D:3 groovy9's ghost, amateur FoHu


Innate Abilities, Weirdness & Mutations

You cannot be hasted, slowed, berserked, paralysed or teleported.
You can dig through walls and to a lower floor.
You have a pair of large antennae on your head. (SInv)
Your four strong arms can wield two-handed weapons with a shield.


Message History

Press: ? - help, Q - select action, (/) - cycle Shift-Dir - straight line, f/p - orc
Aim: an orc, wielding a +0 hand axe and quivering boomerangs (lightly wounded, 66% to hit)
You shoot an arrow. The arrow closely misses the orc.
The arrow misses groovy9's ghost.
The orc hits you with a +0 hand axe.
Fire: a) +1 shortbow
Press: ? - help, Q - select action, (/) - cycle Shift-Dir - straight line, f/p - orc
Aim: an orc, wielding a +0 hand axe and quivering boomerangs (lightly wounded, 66% to hit)
You shoot an arrow. The arrow hits the orc.
You kill the orc!
Fire: a) +1 shortbow
Press: ? - help, Q - select action, (/) - cycle Shift-Dir - straight line, f - groovy9's ghost
Aim: groovy9's ghost (57% to hit)
You shoot an arrow.
The arrow barely misses groovy9's ghost.
The arrow hits the orc.
The orc is heavily wounded.
Groovy9's ghost hits you but does no damage. x2
Fire: a) +1 shortbow
Press: ? - help, Q - select action, (/) - cycle Shift-Dir - straight line, f/p - groovy9's ghost
Aim: groovy9's ghost (57% to hit)
You shoot an arrow. The arrow hits groovy9's ghost!
Groovy9's ghost is moderately damaged.
Groovy9's ghost hits you!
The orc priest casts a cantrip, but nothing happens.
Fire: a) +1 shortbow
Press: ? - help, Q - select action, (/) - cycle Shift-Dir - straight line, f/p - groovy9's ghost
Aim: groovy9's ghost (moderately damaged, 57% to hit)
You shoot an arrow. The arrow hits groovy9's ghost!
Groovy9's ghost is heavily damaged.
The orc priest mumbles some strange prayers to Beogh against the orc.
Beogh smites you! Groovy9's ghost hits you!
* * * LOW HITPOINT WARNING * * *
Okay, then.
Okay, then.
Are you sure you want to shaft yourself?
Groovy9's ghost closely misses you.
The orc priest calls down the wrath of Beogh upon the orc.
Beogh smites you!
You die...

#....#..#.............#..#...)...
........###############.<#.).....
#.......'......{.........#...)(.[
#.......'#################.......
#................................
#............................####
#.#.##.###########o..............
#.#....# ##W8o...)........8
#.###### #@#######'''###### #.#
####....o.....(..# #.#
#....#####....# ..#
#.###.....###.# ###
#.#8#..8..#8#.# #..!..........#
#8....._[....8#


You could see an orc priest, groovy9's ghost and an orc.

Vanquished Creatures
  Terence (D:3)
  Natasha (twice) (D:3)
  An orc wizard (D:3)
  Ijyb (D:3)
  Robin (D:3)
  3 adders
  3 dart slugs
  13 orcs (D:3)
  3 endoplasms
  2 giant cockroaches
  9 goblins
  13 hobgoblins
  16 jackals
  10 kobolds
  2 quokkas
  A ball python (D:1)
  3 bats
  2 frilled lizards
  4 rats
90 creatures vanquished.

Notes
Turn   | Place    | Note
-------+----------+-------------------------------------------
     0 | D:1      | groovy9 the Formicid Hunter began the quest for the Orb.
     0 | D:1      | Reached XP level 1. HP: 16/16 MP: 1/1
   240 | D:1      | Reached XP level 2. HP: 22/22 MP: 2/2
   366 | D:1      | Reached XP level 3. HP: 24/27 MP: 3/3
   511 | D:1      | Reached skill level 5 in Ranged Weapons
  1065 | D:2      | Reached XP level 4. HP: 31/33 MP: 4/4
  1685 | D:3      | Found Cymius's Weapon Boutique.
  1746 | D:3      | Found a faded altar of an unknown god.
  1791 | D:3      | Found a runed translucent gate.
  1791 | D:3      | Identified the +7 hand axe of the Key {drain, Str+6}
  1792 | D:3      | Found a runed translucent gate.
  1793 | D:3      | Noticed groovy9's ghost (amateur FoHu)
  1794 | D:3      | Found a runed translucent gate.
  1804 | D:3      | Noticed Terence
  1817 | D:3      | Killed Terence
  1818 | D:3      | Reached skill level 6 in Ranged Weapons
  1818 | D:3      | Reached XP level 5. HP: 24/38 MP: 5/5
  1944 | D:3      | Noticed Natasha
  1949 | D:3      | Killed Natasha
  1996 | D:3      | Noticed Robin
  2002 | D:3      | Killed Robin
  2294 | D:3      | Noticed Natasha
  2306 | D:3      | Killed Natasha
  2307 | D:3      | Reached XP level 6. HP: 21/44 MP: 6/6
  2558 | D:3      | Reached skill level 7 in Ranged Weapons
  2563 | D:3      | Noticed Ijyb
  2578 | D:3      | Killed Ijyb
  2999 | D:3      | Killed from afar by an orc priest

Illustrated notes

Levels and vault maps discovered:
D:1:      dpeg_arrival_tiny_h, layout_loops_ring
D:2:      layout_basic
D:3:      layout_basic, ebering_ecumenical_altar_sacrificial, serial_shops,
          shop, biasface_ghost_orc_armoury, uniq_terence, uniq_ijyb,
          uniq_natasha, uniq_robin

Skill      XL: |  1  2  3  4  5  6 |
---------------+-------------------+-----
Ranged Weapons | 5 6 7 |  7.4
Fighting       | |  2.1
Dodging        | |  1.7
Stealth        | |  1.2

Action                   |  1- 3 |  4- 6 || total
-------------------------+-------+-------++-------
 Fire: Shortbow          |   101 |   193 ||   294
 Abil: Dig               |     2 |     1 ||     3
       Shaft Self        |       |     1 ||     1
  Use: Scroll            |       |     7 ||     7
       Potion            |       |     2 ||     2
Armor: Leather armour    |    22 |    41 ||    63
Dodge: Dodged            |    54 |    59 ||   113
